 Dungeon Crawl Stone Soup version 0.31-a0-214-gb37851dbb3 (webtiles) character file.

Game seed: 7220842429646831582

205 qw the Shooter (level 5, -1/45 HPs)
             Began as a Minotaur Hexslinger on July 1, 2023.
             Killed from afar by Blork the orc (14 damage)
             ... with a puff of flame
             ... on level 4 of the Dungeon.
             The game lasted 00:01:05 (2544 turns).

qw the Shooter (Minotaur Hexslinger)                Turns: 2544, Time: 00:01:06

Health: -1/45      AC:  4    Str: 11    XL:     5   Next: 52%
Magic:  5/5        EV: 12    Int: 10    God:
Gold:   225        SH:  5    Dex: 14    Spells: 5/6 levels left

rFire   . . .        Y - +1 sling
rCold   . . .        (no shield)
rNeg    . . .        f - +0 leather armour
rPois   .            (helmet restricted)
rElec   .            (no cloak)
rCorr   .            (no gloves)
SInv    .            i - +0 pair of boots
Will    .....        g - amulet of reflection
Stlth   +            (no ring)
HPRegen 0.27/turn    (no ring)
MPRegen 0.09/turn

%: reflection, clarity
@: no status effects
A: horns 2, retaliatory headbutt, clarity, weak 1, MP-powered wands
a: no special abilities


You were on level 4 of the Dungeon.
You visited 1 branch of the dungeon, and saw 4 of its levels.

You collected 225 gold pieces.


Innate Abilities, Weirdness & Mutations

You have a pair of horns on your head.
You reflexively headbutt those who attack you in melee.
You possess an exceptional clarity of mind.
You are weak. (Str -2)
You expend magic power (3 MP) to strengthen your wands.


   Skills:
 - Level 3.1 Fighting
 + Level 5.8 Ranged Weapons
 - Level 2.1 Dodging
 - Level 1.0 Spellcasting
 - Level 2.0 Hexes


You had 5 spell levels left.
You knew the following spells:

 Your Spells              Type           Power      Damage    Failure   Level
a - Slow                  Hex            16%        N/A       21%         1

Your spell library contained the following spells:

 Spells                   Type           Power      Damage    Failure   Level
 Inner Flame              Hex/Fire       2%         N/A       65%         3
 Portal Projectile        Hex/Tloc       4%         N/A       65%         3
 Cause Fear               Hex            2%         N/A       89%         4

Inventory:

Hand Weapons
 Y - a +1 sling (weapon)
Armour
 f - a +0 leather armour (worn)
 i - a +0 pair of boots (worn)
Jewellery
 g - an amulet of reflection (around neck)
Scrolls
 a - 3 scrolls of teleportation
 c - a scroll of identify
Potions
 d - 3 potions of mutation
 h - a potion of berserk rage {unknown}
 j - a potion of haste
 k - a potion of curing

Dungeon Overview and Level Annotations

Branches:
Dungeon (4/15)
 Temple: D:4-7

Altars:
Gozag

Annotations:
D:4 Blork the orc


Message History

The sling bullet barely misses the hobgoblin.
Blork the orc barely misses you. The hobgoblin hits you.
The gnoll hits you with a +0 flail.
You shoot a sling bullet. The sling bullet hits the hobgoblin.
You kill the hobgoblin!
Blork the orc barely misses you.
Blork the orc hits you from afar with a +0 trident.
You block the gnoll's attack.
You shoot a sling bullet. The sling bullet hits the gnoll.
The gnoll is moderately wounded.
Your surroundings suddenly seem different.
Enter note:
Enter note: You start resting.
An orc is nearby!
You shoot a sling bullet. The sling bullet hits the orc.
The orc is heavily wounded.
The orc closely misses you.
You shoot a sling bullet. The sling bullet barely misses the orc.
The orc closely misses you.
You shoot a sling bullet. The sling bullet hits the orc!
You kill the orc!
You start resting.
An ice beast comes into view.
2542 ||| FLEEEEING.
The gnoll shouts!
Things that are here:
a +0 club; an orc corpse
Enter note:
Enter note: You shoot a sling bullet.
The sling bullet closely misses the gnoll.
Blork the orc looks braver for a moment.
Blork the orc casts a spell at you. The magic dart hits you.
You shoot a sling bullet.
The sling bullet barely misses the gnoll.
Blork the orc points at you and mumbles some strange words.
The puff of flame hits you!
You die...

~....(.......!# ....
~~~...........### .K.?..
~7~.#........o.)##.......
~7P..........)#)o........
7~...................Y...
~..P##..........####.....
P.P###.......##.#....#..
.P....<......##.#....# g
..######.....g..@....# P#
...............# #
.[###...........# ###
...####...### ###.# ##<.#
# #... ##.## ..


You could see Blork the orc (fast), an ice beast and a gnoll.

Vanquished Creatures
  An iguana (D:4)
  Robin (D:3)
  4 adders
  2 gnolls (D:4)
  2 worms
  A dart slug (D:3)
  3 orcs
  8 bats
  7 endoplasms
  4 giant cockroaches
  20 goblins
  14 hobgoblins
  2 jackals (D:1)
  3 kobolds
  4 quokkas
  11 ball pythons
  A frilled lizard (D:1)
  2 rats (D:1)
90 creatures vanquished.

Notes
Turn   | Place    | Note
-------+----------+-------------------------------------------
     0 | D:1      | qw the Minotaur Hexslinger began the quest for the Orb.
     0 | D:1      | Reached XP level 1. HP: 16/16 MP: 1/1
     0 | D:1      | 0 ||| qw: Version: 0.3-a-32-g5962c71
     0 | D:1      | 0 ||| qw: Game counter: 7472
     0 | D:1      | 0 ||| qw: Melee chars always use a shield: true
     0 | D:1      | 0 ||| qw: God list: Okawaru
     0 | D:1      | 0 ||| qw: Allow faded altars: false
     0 | D:1      | 0 ||| qw: Do Orc after clearing Dungeon:15 true
     0 | D:1      | 0 ||| qw: Do second Lair branch before Depths: true
     0 | D:1      | 0 ||| qw: Lair rune preference: random
     0 | D:1      | 0 ||| qw: Goals: Normal
     0 | D:1      | 0 ||| PLANNING D:1-11
   134 | D:1      | Reached skill level 3 in Ranged Weapons
   134 | D:1      | Reached XP level 2. HP: 23/23 MP: 2/2
   506 | D:1      | Reached XP level 3. HP: 29/29 MP: 3/3
   809 | D:1      | 809 ||| UPGRADING to +0 leather armour.
   819 | D:1      | 819 ||| DROPPING +0 robe.
   820 | D:1      | 820 ||| UPGRADING to amulet of reflection.
   825 | D:1      | 825 ||| READING 3 scrolls labelled YBAT UMOCZIVUE.
   828 | D:1      | 828 ||| READING scroll labelled RUUSOE ZAPTYLU.
   829 | D:1      | 829 ||| READING scroll labelled KUCLUV BUTIT.
   830 | D:1      | 830 ||| READING scroll labelled FAOTOH MANE.
   831 | D:1      | 831 ||| DROPPING scroll of poison.
   850 | D:2      | 850 ||| STAIRDANCE
   853 | D:1      | Reached skill level 4 in Ranged Weapons
  1061 | D:2      | Reached XP level 4. HP: 36/36 MP: 4/4
  1061 | D:2      | Found an opulent altar of Gozag.
  1580 | D:2      | 1580 ||| READING 2 scrolls labelled MEBIATU LYNOAH.
  1581 | D:2      | 1581 ||| READING scroll labelled RUGAUKELOS.
  1629 | D:3      | 1629 ||| STAIRDANCE
  1707 | D:3      | 1707 ||| FLEEEEING.
  1708 | D:3      | 1708 ||| FLEEEEING.
  1709 | D:3      | 1709 ||| FLEEEEING.
  1881 | D:3      | Reached skill level 5 in Ranged Weapons
  2033 | D:3      | Noticed Robin
  2060 | D:3      | Killed Robin
  2061 | D:3      | Reached skill level 3 in Fighting
  2063 | D:3      | Reached XP level 5. HP: 16/45 MP: 5/5
  2377 | D:3      | 2377 ||| UPGRADING to +0 pair of boots.
  2382 | D:3      | 2382 ||| DRINKING 2 red potions.
  2383 | D:3      | 2383 ||| DRINKING 4 blue potions.
  2383 | D:3      | Gained mutation: You possess an exceptional clarity of
                  | mind. [potion of mutation]
  2383 | D:3      | Gained mutation: You expend magic power (3 MP) to
                  | strengthen your wands. [potion of mutation]
  2383 | D:3      | Gained mutation: You are weak. (Str -2) [potion of
                  | mutation]
  2384 | D:3      | 2384 ||| DRINKING 2 puce potions.
  2385 | D:3      | 2385 ||| DRINKING 2 coppery potions.
  2386 | D:3      | 2386 ||| READING 2 scrolls of identify.
  2386 | D:3      | 2386 ||| IDENTIFYING silvery potion
  2387 | D:3      | 2387 ||| DROPPING potion of brilliance.
  2498 | D:4      | 2498 ||| Stepping ~*~*~tactically~*~*~ (outnumbered).
  2500 | D:4      | 2500 ||| Stepping ~*~*~tactically~*~*~ (outnumbered).
  2517 | D:4      | Noticed Blork the orc
  2519 | D:4      | HP: 6/45 [gnoll/+0 flail (10)]
  2520 | D:4      | 2520 ||| READING 4 scrolls of teleportation.
  2521 | D:4      | 2521 ||| DRINKING potion of heal wounds.
  2541 | D:4      | Noticed an ice beast
  2542 | D:4      | 2542 ||| FLEEEEING.
  2544 | D:4      | Killed from afar by Blork the orc

Levels and vault maps discovered:
D:1:      lightli_iron_boxes, layout_loops_ring
D:2:      layout_loops_ring, basic_altar
D:3:      layout_loops_ring, st_stairs_8, uniq_robin
D:4:      layout_rooms, minmay_temple_entry_waves, serial_shops,
          nicolae_shop_peninsula, serial_bayou_pond_a, uniq_blork_the_orc

Skill      XL: |  1  2  3  4 |
---------------+-------------+-----
Ranged Weapons | 3 4 5 |  5.8
Fighting       | 2 3 |  3.1
Dodging        | |  2.1
Spellcasting   | |  1.0
Hexes          | |  2.0

Action                     |  1- 3 |  4- 6 || total
---------------------------+-------+-------++-------
   Fire: Sling             |    99 |   167 ||   266
    Use: Scroll            |     4 |     4 ||     8
         Potion            |       |     5 ||     5
 Armour: Robe              |     7 |       ||     7
         Leather armour    |     2 |    19 ||    21
  Dodge: Dodged            |    24 |    55 ||    79
  Block: Other             |     3 |    18 ||    21

Table legend:
 A = Non-vault XP
 B = Vault XP
 C = Vault XP percentage of total XP
 D = Non-vault monster count
 E = Vault monster count
 F = Vault count percentage of total count
                 A         B        C        D         E       F
            +---------+---------+-------+---------+---------+-------
      Total |     255 |      38 |  13.0 |      77 |      13 |  14.4
            +---------+---------+-------+---------+---------+-------
        D:1 |      75 |       0 |   0.0 |      36 |       0 |   0.0
        D:2 |      37 |       0 |   0.0 |      12 |       0 |   0.0
        D:3 |      69 |      38 |  35.5 |      21 |      13 |  38.2
        D:4 |      74 |       0 |   0.0 |       8 |       0 |   0.0
            +---------+---------+-------+---------+---------+-------
